 Dungeon Crawl Stone Soup version 0.29.1-15-g9cfb28693d (webtiles) character file.

Game seed: 16837919368159757182

35112 H0rd4k the Thaumaturge (level 13, -2/84 HPs)
             Began as an Octopode Artificer on Mar 21, 2023.
             Was an Initiate of Gozag.
             Slain by an eight-headed hydra (8 damage)
             ... on level 3 of the Lair of Beasts.
             The game lasted 00:39:12 (21129 turns).

H0rd4k the Thaumaturge (Octopode Artificer)        Turns: 21129, Time: 00:39:14

Health: -2/84      AC: 12    Str:  9    XL:     13   Next: 81%
Magic:  40/40      EV: 13    Int: 30    God:    Gozag
Gold:   1532       SH:  0    Dex: 12    Spells: 20/40 levels left

rFire   + . .      SeeInvis +   e - +9 shortbow "Corghutz" {freeze, rPois rC+ Str-2 Int+2}
rCold   . . .      Faith    .   (shield currently unavailable)
rNeg    + . .      Spirit   .   D - +1 hat
rPois   +          Reflect  .   (no amulet)
rElec   .          Harm     .   i - ring of see invisible
rCorr   .          Rampage  .   g - +4 ring of slaying
Will    ++...                   v - ring of positive energy
Stlth   +++++.....              x - ring of willpower
HPRegen 0.24/turn               m - ring of Kesodim {rPois rC- AC+4 Int+9}
MPRegen 0.27/turn               N - ring of Nihugir {rF+ MP+9 Stlth+}
                                O - +4 ring of protection
                                (no ring)

@: about to teleport
A: almost no armour, amphibious, 8 rings, camouflage 1, gelatinous body 1,
nimble swimmer 1, tentacles, antennae 1, iridescent scales 1, strong-willed 1,
passive freeze
a: Renounce Religion, Potion Petition, Call Merchant, Bribe Branch


You were on level 3 of the Lair of Beasts.
You worshipped Gozag.
Gozag was most pleased with you.
You visited 2 branches of the dungeon, and saw 15 of its levels.
You also visited: Ossuary and Volcano.

You collected 3966 gold pieces.
You spent 1733 gold pieces at shops.
You paid 701 gold pieces to Gozag.

Inventory:

Hand Weapons
 e - the +9 shortbow "Corghutz" (weapon) {freeze, rPois rC+ Str-2 Int+2}
   (You acquired it on level 6 of the Dungeon)

   Any ammunition fired from it freezes those it strikes, dealing additional
   cold damage.
   It can also slow down cold-blooded creatures.
   Str:       It affects your strength (-2).
   Int:       It affects your intelligence (+2).
   rC:        It protects you from cold.
   rPois:     It protects you from poison.
 S - a +2 shortbow of flaming
Missiles
 p - 4 atropa-tipped darts
 y - 34 poisoned darts
 B - 2 throwing nets
Armour
 D - a +1 hat (worn)
Magical Staves
 d - a staff of fire
Jewellery
 g - a +4 ring of slaying (right tentacle)
 i - a ring of see invisible (left tentacle)
 m - the ring of Kesodim (on tentacle) {rPois rC- AC+4 Int+9}
   (You bought it in a shop on level 1 of the Dungeon)

   [ring of protection]

   AC:        It affects your AC (+4).
   Int:       It affects your intelligence (+9).
   rC:        It makes you vulnerable to cold.
   rPois:     It protects you from poison.
 v - a ring of positive energy (on tentacle)
 x - a ring of willpower (on tentacle)
 N - the ring of Nihugir (on tentacle) {rF+ MP+9 Stlth+}
   (You bought it in a shop on level 1 of the Dungeon)

   [ring of magical power]

   rF:        It protects you from fire.
   MP:        It affects your magic capacity (+9).
   Stlth:     It makes you more stealthy.
 O - a +4 ring of protection (on tentacle)
Wands
 b - a wand of flame (38)
 c - a wand of paralysis (17)
 L - a wand of quicksilver (2)
 M - a wand of mindburst (13)
Scrolls
 a - 2 scrolls of vulnerability
 h - 4 scrolls of fear
 o - 3 scrolls of amnesia
 s - 3 scrolls of silence
 t - 5 scrolls of blinking
 z - 4 scrolls of fog
 G - a scroll of summoning
 I - a scroll of immolation
 J - 5 scrolls of teleportation
 P - a scroll of magic mapping
 U - a scroll of torment
Potions
 f - 4 potions of might
 j - 3 potions of mutation
 k - 4 potions of flight
 l - 3 potions of heal wounds
 q - 3 potions of haste
 r - 2 potions of ambrosia
 u - 4 potions of attraction
 w - 5 potions of cancellation
 A - 4 potions of curing {unknown}
 C - 2 potions of invisibility {unknown}
 E - 2 potions of lignification {unknown}
 F - 6 potions of brilliance
 H - 2 potions of degeneration {unknown}
 K - 2 potions of berserk rage {unknown}
 Q - a potion of resistance


   Skills:
 - Level 6.5 Fighting
 - Level 8.6 Ranged Weapons
 - Level 2.3 Dodging
 - Level 1.3 Stealth
 - Level 7.4 Unarmed Combat
 * Level 14.1 Spellcasting
 + Level 1.4 Conjurations
 + Level 5.0 Hexes
 + Level 1.0 Transmutations
 + Level 5.2 Fire Magic
 + Level 1.5 Air Magic
 + Level 10.6 Poison Magic
 - Level 3.2 Evocations


You had 20 spell levels left.
You knew the following spells:

 Your Spells              Type           Power      Damage    Failure   Level
a - Poisonous Vapours     Pois/Air       100%       N/A       1%          2
b - Olgreb's Toxic Radia  Pois           71%        N/A       1%          4
c - Alistair's Intoxicat  Tmut/Pois      36%        N/A       6%          5
d - Conjure Flame         Conj/Fire      41%        6-21      1%          3
e - Inner Flame           Hex/Fire       51%        N/A       1%          3
f - Swiftness             Air            30%        N/A       3%          3

Your spell library contained the following spells:

 Spells                   Type           Power      Damage    Failure   Level
 Beastly Appendage        Tmut           54%        N/A       1%          1
 Foxfire                  Conj/Fire      100%       2x1d9     1%          1
 Magic Dart               Conj           100%       1d8       1%          1
 Sting                    Tmut/Pois      100%       1d8       1%          1
 Ensorcelled Hibernation  Hex/Ice        72%        N/A       1%          2
 Searing Ray              Conj           60%        2d6       1%          2
 Confusing Touch          Hex            51%        N/A       1%          3
 Spider Form              Tmut/Pois      54%        N/A       1%          3
 Apportation              Tloc           42%        N/A       2%          1
 Passwall                 Tmut/Erth      20%        N/A       2%          2
 Wereblood                Tmut           27%        N/A       2%          2
 Flame Wave               Conj/Fire      41%        2d11      6%          4
 Fulminant Prism          Conj/Hex       20%        3d13      6%          4
 Frozen Ramparts          Ice            42%        1d7       7%          3
 Silence                  Hex/Air        20%        N/A       16%         5
 Ice Form                 Ice/Tmut       24%        N/A       19%         4
 Petrify                  Tmut/Erth      24%        N/A       19%         4
 Yara's Violent Unravell  Hex/Tmut       19%        3d9       19%         5
 Passage of Golubria      Tloc           21%        N/A       22%         4
 Summon Ice Beast         Ice/Summ       21%        N/A       22%         4
 Metabolic Englaciation   Hex/Ice        18%        N/A       22%         5
 Eringya's Noxious Bog    Tmut/Pois      27%        N/A       32%         6
 Borgnjor's Vile Clutch   Necr/Erth      10%        N/A       54%         5
 Summon Forest            Summ/Tloc      10%        N/A       54%         5
 Enfeeble                 Hex            25%        N/A       94%         7
 Statue Form              Tmut/Erth      16%        N/A       96%         6
 Death Channel            Necr           10%        N/A       98%         6
 Summon Hydra             Summ           10%        N/A       100%        7
 Lehudib's Crystal Spear  Conj/Erth      12%        10d4      100%        8
 Animate Dead             Necr           Unusable   N/A       N/A         4

Dungeon Overview and Level Annotations

Branches:
Dungeon (12/15)            Temple (0/1) D:7            Lair (3/5) D:11
  Swamp (0/4) Lair:3       Spider (0/4) Lair:3          Orc (0/2) D:12
Ossuary (visited)         Volcano (visited)

Altars:
Ashenzari
Cheibriados
Dithmenos
Elyvilon
Gozag
Hepliaklqana
Nemelex Xobeh
Okawaru
Ru
Vehumet
Wu Jian
Xom
Yredelemnul
Zin

Shops:
D:1 =   D:5 **   Lair:1 ?

Annotations:
D:4 1 runed translucent door, exclusion: door, Crazy Yiuf
D:8 1 exclusion
D:9 exclusion: manticore
D:10 1 runed translucent door, exclusion: door, Silencio's ghost, novice MiFi
Lair:1 exclusion: downstairs
Lair:2 2 transporters, exclusion: downstairs, Wuvuatt's ghost, journeyman MiBe


Innate Abilities, Weirdness & Mutations

You cannot wear most types of armour.
You are amphibious.
You can wear up to eight rings at the same time.
Your skin changes colour to match your surroundings (Stealth+).
Your rubbery body absorbs attacks. (AC +1, EV +1)
You are camouflaged when in or above water. (Stealth+)
You have tentacles for arms and can constrict up to eight enemies at once.
You have a pair of small antennae on your head.
You are partially covered in iridescent scales. (AC +2)
You are strong-willed. (Will+)
A frigid envelope surrounds you and freezes all who hurt you.


Message History

The four-headed hydra bites you!
The four-headed hydra is very cold.
The four-headed hydra seems to slow down.
The four-headed hydra is moderately wounded.
The four-headed hydra completely misses you.
The four-headed hydra bites you but does no damage.
The four-headed hydra is very cold.
The four-headed hydra is moderately wounded.
The swamp worm bites you!
The swamp worm is very cold.
The swamp worm is lightly wounded.
The tyrant leech bites you.
The tyrant leech draws strength from your injuries!
The tyrant leech is very cold.
The tyrant leech is lightly wounded.
The swamp worm fires a harpoon shot at you.
The harpoon shot hits you!!
* * * LOW HITPOINT WARNING * * *
You are yanked forward by the harpoon shot.
Floosh!
The eight-headed hydra bites you but does no damage.
The eight-headed hydra is very cold.
The eight-headed hydra is lightly wounded.
The eight-headed hydra closely misses you.
The eight-headed hydra bites you!
* * * LOW HITPOINT WARNING * * *
The eight-headed hydra is very cold.
The eight-headed hydra is lightly wounded.
The eight-headed hydra bites you but does no damage.
The eight-headed hydra is very cold.
The eight-headed hydra is lightly wounded.
The eight-headed hydra bites you.
* * * LOW HITPOINT WARNING * * *
The eight-headed hydra is very cold.
The eight-headed hydra seems to slow down.
The eight-headed hydra is moderately wounded.
The eight-headed hydra bites you but does no damage.
The eight-headed hydra is very cold.
The eight-headed hydra is moderately wounded.
The eight-headed hydra bites you!
You die...
Your body crumbles into a pile of gold.

...## ###...####.#.....##.......
...# ##......................
...## ##.##...................
....# #..##...................
....# ##...#..♣♣♣♣♣.......#....
...######...##♣♣♣.. ♣♣♣.....##...
..##.#.......♣♣... ..♣♣....#.##.
....#......).♣§Dw♣♣...♣♣.........
.....#......♣♣§§@w≈.§♣♣#.........
............♣§~§~D§§§§♣♣.........
..##........♣..~~≈≈§§§♣..##..#...
####.P....#♣♣§§♣♣♣..§♣♣♣.........
...........♣♣♣§§♣ ♣~~~♣♣.........
...........♣ ♣§§♣♣♣♣~≈>♣...~~#...
..........#♣ ♣§....♣♣♣♣♣...#~....
..#.####### ♣♣♣♣...♣♣.......)...
##### ♣♣≈≈~~...♣♣..#..###.#


You could see an eight-headed hydra (slow), a four-headed hydra (slow), a tyrant
leech and a swamp worm.

Vanquished Creatures
  3 hydras
  4 two-headed ogres
  4 death yaks (Lair:3)
  Pikel (D:7)
  A deep elf archer (Volcano)
  9 deep elf pyromancers (Volcano)
  An oklob plant (Lair:3)
  2 cyclopes (D:12)
  A manticore (D:12)
  Joseph (D:7)
  A black mamba (Lair:3)
  3 cane toads
  4 komodo dragons
  An unseen horror (D:10)
  An unseen horror zombie (D:8)
  2 rime drakes (Lair:3)
  A rime drake (shapeshifter) (D:9)
  7 trolls
  A meliai (Lair:3)
  A tyrant leech (Lair:3)
  14 blink frogs
  Grinder (D:3)
  Sigmund (D:2)
  A water elemental (D:11)
  A wyvern (Lair:3)
  2 wraiths
  2 basilisks (Lair:3)
  30 yaks
  5 fire elementals (Volcano)
  A vampire mosquito (D:11)
  2 steam dragons (D:7)
  2 swamp worms (Lair:3)
  An acid dragon (D:11)
  10 water moccasins
  7 hell hounds (Volcano)
  Duvessa (D:5)
  5 orc warriors
  3 ice beasts
  2 hornet zombies (D:8)
  5 black bears
  2 sky beasts
  4 centaurs
  2 ogres (D:4)
  4 wolves (Lair:3)
  2 phantoms
  A lemure (D:7)
  4 kobold brigands (D:12)
  2 necrophages
  Blork the orc (D:6)
  7 bullfrogs
  4 scorpions
  A wyvern zombie (D:8)
  5 gnoll sergeants (D:12)
  12 wights
  2 killer bees
  A howler monkey (D:11)
  2 electric eels
  A hound (D:6)
  A human zombie (Ossuary)
  3 orc priests
  2 iguanas
  8 orc wizards
  2 killer bee zombies (D:8)
  2 human simulacra (D:11)
  2 mummies (Ossuary)
  Robin (D:2)
  9 gnolls
  10 adders
  2 shadow imps (D:6)
  A white imp (D:7)
  3 adder zombies (Ossuary)
  A dart slug (D:4)
  30 orcs
  4 ball pythons
  7 bats
  6 endoplasms
  2 giant cockroaches
  15 goblins
  10 hobgoblins
  10 jackals
  A quokka (D:2)
  3 frilled lizards
  A gnoll zombie (Ossuary)
  4 goblin zombies (Ossuary)
  2 hobgoblin zombies (Ossuary)
  5 kobolds
  A kobold zombie (Ossuary)
  3 quokka zombies (Ossuary)
  7 rats
  3 rat zombies (Ossuary)
363 creatures vanquished.

Vanquished Creatures (collateral kills)
  A black bear (D:5)
  A necrophage (D:5)
  2 killer bees (D:5)
  A dart slug (D:5)
  An orc (D:4)
6 creatures vanquished.

Vanquished Creatures (others)
  A necrophage (D:4)
  A scorpion (D:4)
  Dowan (D:5)
  2 killer bees (D:5)
  An orc priest (D:4)
  A mummy (Ossuary)
  An ufetubus (D:4)
  47 fungi
  51 plants
  A withered plant (D:10)
107 creatures vanquished.

Grand Total: 476 creatures vanquished

Notes
Turn   | Place    | Note
-------+----------+-------------------------------------------
     0 | D:1      | H0rd4k the Octopode Artificer began the quest for the Orb.
     0 | D:1      | Reached XP level 1. HP: 13/13 MP: 1/1
   445 | D:1      | Reached XP level 2. HP: 3/18 MP: 1/3
   687 | D:1      | Found Gahot's Jewellery Boutique.
   694 | D:1      | Reached skill level 1 in Spellcasting
  1833 | D:2      | Reached skill level 1 in Unarmed Combat
  1833 | D:2      | Reached XP level 3. HP: 11/24 MP: 5/5
  2450 | D:2      | Noticed Robin
  2450 | D:2      | Killed Robin
  2451 | D:2      | Reached XP level 4. HP: 29/29 MP: 6/6
  2468 | D:2      | Reached skill level 2 in Spellcasting
  2653 | D:2      | Noticed Sigmund
  2656 | D:2      | Killed Sigmund
  2657 | D:2      | Reached XP level 5. HP: 30/36 MP: 7/9
  2657 | D:2      | Reached XP level 6. HP: 35/42 MP: 7/10
  2996 | D:3      | Noticed Grinder
  3002 | D:3      | Paralysed by Grinder for 5 turns
  3252 | D:3      | Killed Grinder
  3253 | D:3      | Reached skill level 3 in Spellcasting
  3253 | D:3      | Reached XP level 7. HP: 47/47 MP: 10/12
  3582 | D:3      | Found a faded altar of an unknown god.
  3709 | D:3      | Found an opulent altar of Gozag.
  3760 | D:3      | Became a worshipper of Gozag Ym Sagoz the Greedy
  4583 | D:4      | Reached skill level 5 in Unarmed Combat
  4595 | D:4      | Found a shimmering altar of Xom.
  4957 | D:4      | Found a runed translucent door.
  4958 | D:4      | Noticed Crazy Yiuf
  4973 | D:5      | Entered Level 5 of the Dungeon
  5033 | D:5      | Reached skill level 4 in Spellcasting
  5078 | D:5      | Found Nefumet's General Store.
  5092 | D:5      | Reached XP level 8. HP: 52/54 MP: 14/14
  5160 | D:5      | Noticed Dowan
  5161 | D:5      | Noticed Duvessa
  5195 | D:5      | Your ally Dowan died
  5266 | D:5      | Found a sand-covered staircase.
  5275 | Ossuary  | Entered an ossuary
  5982 | D:5      | Reached skill level 5 in Fighting
  6054 | D:5      | Found a basalt altar of Yredelemnul.
  6132 | D:6      | Found a shadowy altar of Dithmenos.
  6134 | D:6      | Found a sacrificial altar of Ru.
  6136 | D:6      | Found a broken altar of Ashenzari.
  6575 | D:6      | Reached skill level 5 in Spellcasting
  6575 | D:6      | Gained mutation: You have hidden genetic potential. [potion
                  | of mutation]
  6575 | D:6      | Gained mutation: You have a pair of small antennae on your
                  | head. [potion of mutation]
  6575 | D:6      | Gained mutation: A frigid envelope surrounds you and
                  | freezes all who hurt you. [potion of mutation]
  6966 | D:6      | Reached XP level 9. HP: 45/62 MP: 15/17
  7379 | D:6      | Noticed a torpor snail
  7381 | D:6      | Found a snail-covered altar of Cheibriados.
  7381 | D:6      | Noticed a torpor snail
  7381 | D:6      | Noticed a torpor snail
  7426 | D:6      | Noticed Blork the orc
  7435 | D:6      | Killed Blork the orc
  7436 | D:6      | Reached skill level 6 in Spellcasting
  7883 | D:6      | Identified a scroll of acquirement
  7885 | D:6      | Acquired the +9 shortbow "Corghutz" {freeze, rPois rC+
                  | Str-2 Int+2}
  7892 | D:6      | Learned a level 2 spell: Poisonous Vapours
  7898 | D:6      | Learned a level 4 spell: Olgreb's Toxic Radiance
  7938 | D:7      | Noticed Joseph
  8132 | D:1      | Bought the ring of Kesodim {rPois rC- AC+4 Int+9} for 591
                  | gold pieces
  8467 | D:7      | Found a hazy altar of Hepliaklqana.
  8604 | D:7      | Reached skill level 1 in Ranged Weapons
  8604 | D:7      | Reached skill level 1 in Poison Magic
  8624 | D:7      | Gained mutation: You are strong-willed. (Will+) [hidden
                  | potential]
  8646 | D:7      | Found a staircase to the Ecumenical Temple.
  8760 | D:7      | Found an iron altar of Okawaru.
  8878 | D:7      | Noticed Pikel
  8965 | D:7      | Killed Pikel
  9499 | D:7      | Killed Joseph
  9500 | D:7      | Reached skill level 5 in Ranged Weapons
  9500 | D:7      | Reached XP level 10. HP: 56/69 MP: 20/20
  9691 | D:7      | Learned a level 5 spell: Alistair's Intoxication
  9713 | D:8      | Noticed a cyclops
  9713 | D:8      | Noticed a catoblepas
  9715 | D:8      | Noticed a catoblepas
  9715 | D:8      | Noticed a brown ugly thing
  9717 | D:8      | Noticed a green ugly thing
  9793 | D:8      | Reached skill level 7 in Spellcasting
  9799 | D:8      | Reached skill level 1 in Transmutations
  9799 | D:8      | Gained mutation: You are partially covered in iridescent
                  | scales. (AC +2) [hidden potential]
  9799 | D:8      | Lost mutation: You have hidden genetic potential. [hidden
                  | potential expressed]
 10443 | D:8      | Found a sparkling altar of Nemelex Xobeh.
 11401 | D:1      | Bought the ring of Nihugir {rF+ MP+9 Stlth+} for 368 gold
                  | pieces
 11401 | D:1      | Bought a +4 ring of protection for 360 gold pieces
 11411 | D:1      | Learned a level 3 spell: Conjure Flame
 11415 | D:1      | Learned a level 3 spell: Inner Flame
 11570 | D:5      | Killed Duvessa
 11801 | D:5      | Found a glowing silver altar of Zin.
 11801 | D:5      | Found Zin's Purification Station.
 12176 | D:9      | Reached skill level 1 in Hexes
 12213 | D:9      | Noticed a manticore
 12251 | D:9      | Reached skill level 1 in Fire Magic
 12253 | D:9      | Noticed a two-headed ogre
 12282 | D:9      | Killed a two-headed ogre
 12283 | D:9      | Reached XP level 11. HP: 74/74 MP: 22/22
 12396 | D:9      | You fall into a shaft and drop 1 floor!
 12396 | D:10     | Entered Level 10 of the Dungeon
 12396 | D:10     | Found a radiant altar of Vehumet.
 12399 | D:10     | Noticed a two-headed ogre
 12409 | D:10     | Killed a two-headed ogre
 12410 | D:10     | Reached skill level 8 in Spellcasting
 12447 | D:10     | Found an ornate altar of the Wu Jian Council.
 12736 | D:10     | Found a white marble altar of Elyvilon.
 12854 | D:10     | Found a runed translucent door.
 12854 | D:10     | Noticed Silencio's ghost (novice MiFi)
 13636 | D:11     | Found a staircase to the Lair.
 13914 | D:11     | Reached skill level 1 in Conjurations
 13914 | D:11     | Reached skill level 5 in Poison Magic
 13920 | D:11     | Reached skill level 9 in Spellcasting
 14118 | D:11     | Noticed a two-headed ogre
 14126 | D:11     | Killed a two-headed ogre
 14708 | D:12     | Noticed a cyclops
 14712 | D:12     | Killed a cyclops
 14738 | D:12     | Identified the +5 battleaxe "Kicec" {freeze, rC++ SInv
                  | Stlth-}
 14834 | D:12     | Noticed a two-headed ogre
 14842 | D:12     | Killed a two-headed ogre
 14843 | D:12     | Reached XP level 12. HP: 80/80 MP: 25/25
 14938 | D:12     | Reached skill level 10 in Spellcasting
 15077 | D:12     | Found a staircase to the Orcish Mines.
 15120 | D:12     | Reached skill level 1 in Air Magic
 15246 | Lair:1   | Entered Level 1 of the Lair of Beasts
 15250 | Lair:1   | Bought a scroll of blinking for 97 gold pieces
 15250 | Lair:1   | Bought a scroll of blinking for 97 gold pieces
 15500 | Lair:1   | Found a dark tunnel.
 15509 | Volcano  | Entered a volcano
 15732 | Volcano  | Reached skill level 11 in Spellcasting
 15901 | Volcano  | Reached skill level 5 in Fire Magic
 15908 | Volcano  | Reached skill level 5 in Hexes
 16427 | Volcano  | Identified the +3 helmet of Narcissism {Str+3}
 16886 | Lair:2   | Noticed a seven-headed hydra
 16924 | Lair:2   | Reached skill level 12 in Spellcasting
 16929 | Lair:2   | Reached XP level 13. HP: 84/84 MP: 6/29
 17095 | Lair:2   | Found a transporter.
 17643 | Lair:2   | Found a transporter.
 17643 | Lair:2   | Noticed Wuvuatt's ghost (journeyman MiBe)
 18215 | D:5      | Bought a book of Burglary for 220 gold pieces
 18219 | D:5      | Learned a level 3 spell: Swiftness
 18638 | Lair:3   | Reached skill level 13 in Spellcasting
 19706 | Lair:3   | Found a hole to the Spider Nest.
 19762 | Lair:3   | Reached skill level 10 in Poison Magic
 20301 | Lair:3   | Reached skill level 14 in Spellcasting
 21127 | Lair:3   | Found a staircase to the Swamp.
 21129 | Lair:3   | Slain by an eight-headed hydra

Illustrated notes

Levels and vault maps discovered:
D:1:      kennysheep_arrival_forest, layout_basic, serial_shops,
          nicolae_diamond_shop
D:2:      layout_basic, uniq_robin, uniq_sigmund
D:3:      layout_loops_corners, nicolae_gozag_seed_capital,
          nicolae_ecumenical_oubliette, uniq_grinder
D:4:      layout_rooms, mainiacjoe_overflow_tiny_flanked,
          uniq_crazy_yiuf_cottage
D:5:      layout_loops_ring, lemuel_coloured_pillars_altar, zin_purify,
          lightli_ossuary_entry_decrepit_ruins, serial_shops,
          nicolae_shop_statue_plus, uniq_duvessa
D:6:      layout_loops_corners, cheibriados_altar_2,
          gammafunk_temple_overflow_forgotten, uniq_blork_the_orc
D:7:      layout_basic, lemuel_doored_altar,
          mainiacjoe_overflow_small_starburst, minmay_temple_entry_sparse_star,
          uniq_pikel, uniq_joseph
D:8:      layout_layer_cave, mainiacjoe_overflow_surrounded_room, serial_undead,
          serial_undead_b, serial_undead_b, serial_undead_f, serial_undead_e,
          chequers_mini_garden, amethyst_killhole, minivault_12
D:9:      minmay_bloctagon_deflated, layout_loops_ring
D:10:     layout_roguey, fiery_altar_vehumet, old_standard_altar,
          elyvilon_altar_5, gammafunk_ghost_grave
D:11:     layout_basic, due_lair_maze_entry_diamond, bh_circular_ruins
D:12:     layout_rooms, kennysheep_orc_monster_closet_entryway
Lair:1:   layout_hall_layers, enter_volcano_2
Lair:2:   layout_loops_ring, gammafunk_ghost_berserking_beasts,
          grunt_megastairs_3, serial_bayou_shore_b
Lair:3:   layout_gridlike, palyth_hydra_swamp_entry,
          hellmonk_spider_entry_not_the_bees, serial_bayou_ford_a,
          minmay_lair_oklob_items, grunt_megastairs_1

Skill      XL: |  1  2  3  4  5  6  7  8  9 10 11 12 13 |
---------------+----------------------------------------+-----
Spellcasting   | 1 2 3 4 5 6 7 9 12 14 | 14.1
Fighting       | 2 3 4 5 6 |  6.5
Unarmed Combat | 1 3 4 5 7 |  7.4
Ranged Weapons | 5 8 |  8.6
Poison Magic   | 3 4 6 8 10 | 10.6
Transmutations | 1 |  1.0
Hexes          | 2 4 5 |  5.0
Fire Magic     | 2 4 5 |  5.2
Conjurations   | 1 |  1.4
Air Magic      | 1 |  1.5
Dodging        | |  2.3
Stealth        | |  1.3
Evocations     | |  3.2

Action                   |  1- 3 |  4- 6 |  7- 9 | 10-12 | 13-15 || total
-------------------------+-------+-------+-------+-------+-------++-------
Melee: Unarmed           |    65 |    35 |   192 |     6 |     5 ||   303
       Constrict         |    19 |     8 |    44 |     2 |     1 ||    74
       Tentacles         |    14 |     4 |    34 |     2 |     4 ||    58
       Punch             |     2 |       |     7 |     1 |     1 ||    11
 Fire: Shortbow          |       |       |    55 |   449 |   158 ||   662
 Cast: Conjure Flame     |       |       |       |    10 |     2 ||    12
       Inner Flame       |       |       |       |    11 |       ||    11
       Olgreb's Toxic Ra |       |       |       |    27 |    31 ||    58
       Poisonous Vapours |       |       |       |     2 |       ||     2
Invok: Call Merchant     |       |       |       |     1 |       ||     1
Evoke: Wand              |     1 |    12 |    46 |     6 |       ||    65
  Use: Potion            |       |       |     6 |     2 |       ||     8
       Scroll            |       |       |    15 |     4 |     3 ||    22
 Stab: Sleeping          |     5 |     1 |     7 |       |       ||    13
       Distracted        |       |       |     2 |       |       ||     2
       Paralysed         |       |       |       |     3 |       ||     3
Armor: Skin              |     6 |     6 |    21 |    55 |    16 ||   104
Dodge: Dodged            |    53 |    13 |   127 |    85 |    23 ||   301
